 Dungeon Crawl Stone Soup version 0.16-a0-3667-g690a316 (webtiles) character file.

74 sarmatron the Ruffian (level 4, -4/35 HPs)
             Began as a Bearkin Monk on Feb 5, 2015.
             Was a Believer of Ashenzari.
             Slain by an orc priest
             ... wielding a +0 morningstar
              (13 damage)
             ... on level 3 of the Dungeon.
             The game lasted 00:09:40 (2501 turns).

sarmatron the Ruffian (Bearkin Monk)                Turns: 2501, Time: 00:09:40

Health: -4/35      AC:  3    Str: 15    XL:     4   Next: 9%
Magic:  4/4        EV: 13    Int:  9    God:    Ashenzari [**....]
Gold:   50         SH:  0    Dex: 14    Spells: 0 memorised, 3 levels left

rFire  . . .     SeeInvis .       - Unarmed
rCold  + . .     Clarity  .     a - +0 robe
rNeg   . . .     SustAb   .     (no shield)
rPois  .         Gourm    .     (no helmet)
rElec  .         Spirit   .     (no cloak)
rCorr  .         Warding  .     (no gloves)
rMut   .         Stasis   .     (no boots)
MR     .....                    (no amulet)
Stlth  ++........               (no ring)
                                g - ring of protection from cold

@: not resistant to hostile enchantments, unstealthy
A: claws 1, fangs 1, shaggy fur 1, hind claws 1, cornered berserk
a: Cornered Berserk, Renounce Religion


You were on level 3 of the Dungeon.
You worshipped Ashenzari.
Ashenzari was pleased with you.
You were not hungry.

You visited 1 branch of the dungeon, and saw 3 of its levels.

You collected 50 gold pieces.

Inventory:

Missiles
 c - 20 stones (quivered)
Armour
 a - a +0 robe (worn)
Jewellery
 g - a ring of protection from cold (left claw)
 l - a +3 ring of strength
 n - a +5 ring of dexterity
Scrolls
 d - a scroll of teleportation
 j - a scroll of identify
 k - 2 scrolls of remove curse
Potions
 e - 3 potions of curing {unknown}
 m - a potion of brilliance {unknown}
Comestibles
 b - 2 bread rations
 f - a chunk of flesh
 i - 4 fruits


   Skills:
 - Level 3.0 Fighting
 - Level 2.4 Dodging
 - Level 1.5 Stealth
 + Level 5.6 Unarmed Combat


You had 3 spell levels left.
You didn't know any spells.

Dungeon Overview and Level Annotations

Branches:
Dungeon (3/15)

Altars:
Ashenzari

Portals:
Sewer: D:3


Innate Abilities, Weirdness & Mutations

You have sharp fingernails.
You have very sharp teeth.
You are covered in fur (AC +1).
Your hind legs have claws.
You can berserk when greatly wounded.


Message History

You barely miss the orc priest.
You claw the orc priest, but do no damage.
Your bite misses the orc priest. The orc priest misses you.
You completely miss the orc priest.
You claw the orc priest, but do no damage.
You closely miss the orc priest.
You claw the orc priest, but do no damage.
The orc priest becomes somewhat translucent.
You claw the orc priest!
The orc priest begins to bleed from its wounds!
The orc priest is heavily wounded.
The orc priest hits you with a morningstar.
* * * LOW HITPOINT WARNING * * *
You are too injured to fight recklessly!
You barely miss the orc priest.
You claw the orc priest, but do no damage.
You bite the orc priest, but do no damage.
The orc priest is heavily wounded.
The orc priest hits you with a morningstar!
You die...

**,,,,,,,,,,,,,,*
*,,,,,,,,*
**,,,,,,,,**,,,,*
*,,,,,,,,*
**,,,,,,,,**,,,,*
**********
****,,,,,,**,,,,* *
*,,,,,,**,,,,* *
*********,,,,* * *,****
*#####** *
******,*#####*....,,* *
*,,,,,,*#"@o#*{oa,,,* *
*,#######.#.#*..,,,,* *
*,#.......#.#*.######******
*
*,#.#######.##..≈≈≈≈≈≈≈≈≈,*
*
*,*,#...........≈≈≈≈∩≈≈≈≈,,
*
*,,,#.#####.###.≈≈≈≈≈≈≈≈≈,,
* *****,*####.#
**#####*****, * *****
*,*#....# *,**,,,,,,, *
*,,,*
*,*#.####****,,,,,,,,,,


You could see an orc priest (bleeding).

Vanquished Creatures
  2 adders (D:2)
  A giant mite (D:3)
  4 giant geckos
  A ball python (D:1)
  4 giant cockroaches (D:1)
  2 goblins
  3 hobgoblins
  8 jackals
  4 kobolds
  A quokka (D:2)
  8 bats
  A giant newt (D:2)
  5 rats
44 creatures vanquished.

Notes
Turn   | Place    | Note
--------------------------------------------------------------
     0 | D:1      | sarmatron, the Bearkin Monk, began the quest for the Orb.
     0 | D:1      | Reached XP level 1. HP: 18/18 MP: 1/1
   416 | D:1      | Reached XP level 2. HP: 24/24 MP: 2/2
   705 | D:1      | Found a shattered altar of Ashenzari.
   721 | D:1      | Became a worshipper of Ashenzari the Shackled
   721 | D:1      | Acquired Ashenzari's first power
  1227 | D:2      | Reached skill level 5 in Unarmed Combat
  1227 | D:2      | Reached XP level 3. HP: 24/29 MP: 3/3
  2470 | D:3      | Found a glowing drain.
  2488 | D:3      | Gained mutation: You have very sharp teeth. [bearkin transformation]
  2488 | D:3      | Reached XP level 4. HP: 13/35 MP: 4/4
  2501 | D:3      | Slain by an orc priest

Action                   |  1- 3 |  4- 6 || total
-------------------------+-------+-------++-------
Melee: Unarmed           |   138 |     6 ||   144
Throw: Stone             |     4 |       ||     4
  Use: Scroll            |     5 |       ||     5
 Stab: Sleeping          |     3 |       ||     3
  Eat: Chunk             |     3 |       ||     3
       Meat ration       |     1 |       ||     1
